Map: Ephemeron LE

Players

Nice

  • Race: Protoss Protoss
  • Spawn Location: 5:00

PtitDrogo - Winner!

  • Race: Protoss Protoss
  • Spawn Location: 11:00

Event: IEM Katowice 2020

VOD

Have the link to the VOD?

Description

Time

  • Played on: Feb. 25, 2020, 4:32 a.m.
  • Length: 11:27

All games in this series

Show
View Real Time Build Order
Export as new Build Order

Nice Protoss 

Build Orders: Oracle Opening, Archon Immortal 

Get SALT Encoding   

  12  0:00  Probe  
  13  0:12  Probe  
  14  0:17  Pylon  
  14  0:24  Probe (Chrono Boost)  
  15  0:37  Probe (Chrono Boost)  
  15  0:38  Gateway  
  16  0:45  Probe (Chrono Boost)  
  16  0:47  Assimilator  
  17  0:52  Assimilator  
  17  0:55  Probe (Chrono Boost)  
  18  1:08  Probe (Chrono Boost)  
  18  1:10  Gateway  
  19  1:14  Probe (Chrono Boost)  
  20  1:22  Probe  
  21  1:28  Cybernetics Core  
  21  1:34  Probe  
  22  1:42  Pylon  
  22  1:46  Probe  
  23  2:00  Probe  
  24  2:04  Warp Gate, Sentry, Stalker  
  28  2:09  Pylon  
  28  2:32  Stargate  
  27  2:53  Nexus, Stalker  
  29  3:02  Stalker  
  32  3:13  Pylon  
  32  3:14  Oracle (Chrono Boost)  
  34  3:21  Probe  
  35  3:33  Probe  
  36  3:42  Oracle (Chrono Boost)  
  39  3:49  Shield Battery  
  39  3:51  Probe  
  40  3:57  Adept x2  
  44  4:05  Probe (Chrono Boost)  
  44  4:09  Probe (Chrono Boost)  
  46  4:15  Probe (Chrono Boost)  
  48  4:17  Probe (Chrono Boost)  
  48  4:23  Robotics Facility  
  49  4:29  Probe (Chrono Boost)  
  49  4:30  Probe (Chrono Boost)  
  50  4:36  Probe (Chrono Boost)  
  51  4:39  Probe  
  51  4:41  Sentry  
  51  4:42  Stalker  
  52  4:47  Probe  
  52  4:51  Probe  
  54  4:56  Pylon  
  54  4:57  Forge  
  54  4:59  Probe  
  55  5:03  Probe, Twilight Council  
  56  5:08  Assimilator  
  56  5:10  Assimilator  
  56  5:11  Probe  
  56  5:14  Observer (Chrono Boost)  
  58  5:15  Probe  
  58  5:17  Pylon  
  59  5:23  Probe  
  59  5:24  Observer  
  59  5:27  Probe  
  61  5:31  Immortal (Chrono Boost)  
  65  5:37  Probe  
  65  5:39  Probe  
  65  5:42  Pylon  
  67  5:45  Protoss Ground Weapons Level 1 (Chrono Boost)  
  67  5:51  Probe  
  67  5:53  Charge  
  68  5:58  Observer  
  68  6:05  Gateway x2  
  68  6:06  Immortal (Chrono Boost)  
  72  6:12  Gateway  
  72  6:17  Gateway  
  72  6:29  Pylon  
  72  6:31  Templar Archives  
  72  6:38  Immortal  
  74  6:48  Observer  
  74  6:49  Zealot x2  
  80  6:59  Gateway x2  
  80  7:09  Pylon  
  80  7:12  High Templar x2, Zealot  
  80  7:15  Pylon  
  86  7:16  Pylon  
  86  7:18  Archon  
  86  7:32  Pylon, High Templar x2, Zealot  
  86  7:33  Pylon  
  86  7:36  Archon  
  92  7:41  Observer  
  92  7:46  Protoss Ground Weapons Level 2 (Chrono Boost)  
  92  7:48  Pylon  
  92  7:49  Warp Prism (Chrono Boost)  
  92  8:08  Zealot x4  
  100  8:18  Nexus  
  100  8:25  Pylon  
  100  8:27  High Templar  
  100  8:28  High Templar  
  100  8:32  Archon  
  104  8:39  Zealot x6  
  116  8:51  Immortal  
  116  8:52  Pylon  
  120  8:59  Zealot  
  114  9:12  Probe x2  
  117  9:24  Probe  
  117  9:26  High Templar x2  
  121  9:31  Archon  
  121  9:36  Zealot  
  121  9:37  Zealot x5  
  132  9:48  Phoenix  
  132  10:07  High Templar x2  
  132  10:08  Zealot x6  
  132  10:12  Archon  
  138  10:32  Zealot x6  
  127  10:43  Zealot x2  
  113  10:52  Zealot x3  
  109  10:57  High Templar x2  
  109  11:04  Archon  
  109  11:09  Zealot x3  
  84  11:14  Zealot  
Show
View Real Time Build Order
Export as new Build Order

PtitDrogo Protoss - Winner!

Build Orders: Zealot Archon 

Get SALT Encoding   

  12  0:00  Probe  
  13  0:12  Probe  
  14  0:17  Pylon  
  14  0:25  Probe (Chrono Boost)  
  15  0:37  Probe (Chrono Boost), Gateway  
  16  0:44  Probe (Chrono Boost)  
  16  0:46  Assimilator  
  17  0:51  Probe  
  17  0:55  Assimilator  
  18  1:03  Probe (Chrono Boost)  
  19  1:08  Gateway  
  19  1:13  Probe (Chrono Boost)  
  20  1:18  Probe (Chrono Boost)  
  20  1:24  Cybernetics Core  
  21  1:29  Probe  
  22  1:36  Pylon  
  22  1:41  Probe  
  23  1:54  Probe  
  24  1:58  Warp Gate (Chrono Boost)  
  24  2:01  Sentry, Stalker  
  28  2:06  Probe  
  29  2:11  Pylon  
  29  2:17  Pylon  
  29  2:30  Stalker x2  
  33  2:50  Nexus  
  33  2:53  Probe  
  34  3:02  Sentry x2  
  38  3:06  Pylon  
  38  3:13  Probe  
  38  3:17  Robotics Facility  
  39  3:26  Probe (Chrono Boost)  
  40  3:38  Probe (Chrono Boost)  
  40  3:39  Stalker  
  43  3:41  Stalker  
  43  3:43  Probe (Chrono Boost)  
  46  3:53  Probe (Chrono Boost)  
  47  4:03  Probe (Chrono Boost)  
  47  4:06  Observer  
  49  4:11  Probe (Chrono Boost)  
  49  4:12  Probe (Chrono Boost)  
  50  4:17  Probe (Chrono Boost)  
  50  4:21  Probe (Chrono Boost), Twilight Council  
  52  4:28  Probe (Chrono Boost)  
  52  4:29  Stalker  
  56  4:32  Probe (Chrono Boost)  
  56  4:33  Probe (Chrono Boost)  
  54  4:41  Probe  
  54  4:43  Probe  
  53  4:53  Probe  
  53  4:55  Probe  
  55  5:00  Charge  
  56  5:07  Probe (Chrono Boost)  
  56  5:08  Probe (Chrono Boost), Assimilator  
  56  5:10  Assimilator  
  57  5:15  Gateway  
  57  5:16  Gateway  
  57  5:17  Templar Archives  
  57  5:19  Probe (Chrono Boost)  
  57  5:20  Probe (Chrono Boost)  
  59  5:27  Probe (Chrono Boost)  
  61  5:28  Probe (Chrono Boost)  
  61  5:34  Probe (Chrono Boost)  
  62  5:38  Pylon  
  62  5:47  Gateway  
  62  5:49  Gateway  
  62  5:50  Gateway  
  62  5:53  Gateway  
  62  5:56  Probe x2, Warp Prism (Chrono Boost)  
  66  5:57  Observer  
  66  6:05  Pylon  
  66  6:07  Pylon  
  66  6:08  Probe  
  67  6:12  Probe  
  68  6:21  Nexus  
  68  6:34  Probe x2  
  70  6:45  High Templar x4  
  78  6:47  Forge  
  78  6:48  Probe x2  
  78  6:49  Archon x2  
  78  6:50  Zealot x3  
  86  7:00  Pylon  
  86  7:02  Pylon  
  86  7:10  Protoss Ground Weapons Level 1 (Chrono Boost)  
  86  7:18  Probe x2  
  86  7:19  Pylon  
  88  7:25  High Templar x2  
  92  7:30  Zealot x5  
  92  7:32  Pylon  
  102  7:42  Zealot  
  104  7:48  Archon  
  104  7:51  Shield Battery  
  104  7:54  Shield Battery  
  104  7:59  High Templar x2  
  104  8:00  Zealot x2  
  104  8:01  Zealot  
  104  8:02  Zealot  
  104  8:05  Pylon  
  116  8:06  Pylon  
  116  8:07  Archon, High Templar x2  
  120  8:14  Archon  
  120  8:24  Zealot x2  
  120  8:25  Zealot x2  
  128  8:28  Gateway  
  128  8:29  Gateway  
  128  8:33  High Templar x2  
  132  8:40  Archon  
  132  8:42  Zealot  
  132  8:43  Zealot  
  132  8:45  Pylon  
  132  8:46  Zealot x3  
  132  8:47  Pylon, Zealot  
  144  9:04  Zealot x2  
  144  9:06  Protoss Ground Weapons Level 2 (Chrono Boost)  
  142  9:17  High Templar x2  
  142  9:18  Zealot x4  
  142  9:22  Archon  
  142  9:23  Zealot x2  
  158  9:25  Zealot x2  
  162  9:36  Pylon  
  162  9:38  Pylon  
  162  9:48  Observer  
  162  9:51  High Templar x2  
  164  9:55  Zealot x4  
  164  9:56  Archon  
  172  10:00  Pylon  
  172  10:01  Pylon  
  172  10:02  Zealot x3  
  176  10:15  High Templar x2  
  176  10:19  Archon  
  176  10:21  Zealot x3  
  166  10:36  Zealot x5  
  166  10:39  Probe  
  157  10:46  Probe  
  123  10:50  Zealot x5  
  123  10:57  High Templar x2, Zealot x3  
  127  11:00  Archon  
  97  11:11  Zealot x5  
  91  11:20  Zealot x3  

Tags
 
Add a new tag
Caveats
  • Supply blocks, unpowered buildings, or Contaminate may cause inaccurate times.
  • Supply counts are checked every 10 seconds.